 Dungeon Crawl Stone Soup version 0.30-a0-1160-g6e42c06551 (webtiles) character file.

Game seed: 10217781842214741182

12178 themarg the Summoner (level 11, 0/90 HPs)
             Began as a Merfolk Summoner on Apr 26, 2023.
             Was a Believer of Sif Muna.
             Slain by a blizzard demon (11 damage)
             ... in a Gauntlet.
             The game lasted 00:48:38 (13002 turns).

themarg the Summoner (Merfolk Summoner)            Turns: 13002, Time: 00:48:39

Health: 0/90       AC:  9    Str:  9    XL:     11   Next: 89%
Magic:  2/18       EV: 19    Int: 19    God:    Sif Muna [**....]
Gold:   437        SH:  0    Dex: 14    Spells: 1/20 levels left

rFire   . . .        J - +2 spear (freeze)
rCold   + . .        (no shield)
rNeg    . . .        W - +5 robe of Night {Dark Will+ SInv}
rPois   .            L - +0 helmet
rElec   .            (no cloak)
rCorr   .            O - +0 pair of gloves
SInv    +            (no boots)
Will    +....        l - amulet of regeneration
Stlth   ++           Q - ring of protection from cold
HPRegen 1.15/turn    g - +5 ring of evasion
MPRegen 0.16/turn

%: no teleportation
@: on blink cooldown
A: (nimble swimmer 2), mertail
a: Renounce Religion, Channel Magic


You were in a Gauntlet.
You worshipped Sif Muna.
Sif Muna was pleased with you.
You visited 2 branches of the dungeon, and saw 12 of its levels.
You also visited: Gauntlet.

You collected 675 gold pieces.
You spent 238 gold pieces at shops.

Inventory:

Hand Weapons
 J - a +2 spear of freezing (weapon)
Missiles
 h - 150 stones (quivered)
 B - 4 boomerangs
 F - 25 poisoned darts
 R - 4 javelins
 S - 2 boomerangs of dispersal
Armour
 v - a +0 kite shield
 x - the +1 robe "Sigy" {+Blink rC+ Will+ Dex+3}
   (You found it on level 3 of the Dungeon)

   Dex:       It affects your dexterity (+3).
   rC:        It protects you from cold.
   +Blink:    It lets you blink.
   Will:      It increases your willpower.
 L - a +0 helmet (worn)
 O - a +0 pair of gloves (worn)
 P - +0 acid dragon scales
 W - the +5 robe of Night (worn) {Dark Will+ SInv}
   (You found it on level 9 of the Dungeon)

   Dark:      It shrouds the wearer in darkness, reducing the range at which
   they can see and be seen by others.
   SInv:      It lets you see invisible.
   Will:      It increases your willpower.
Jewellery
 a - a ring of willpower
 g - a +5 ring of evasion (right hand)
 l - an amulet of regeneration (around neck)
 o - an amulet of faith
 Q - a ring of protection from cold (left hand)
Wands
 u - a wand of paralysis (5)
 w - a wand of mindburst (9)
 E - a wand of flame (10)
 V - a wand of iceblast (5)
Scrolls
 d - 4 scrolls of fog
 f - 4 scrolls of vulnerability
 k - a scroll of teleportation
 m - a scroll of amnesia
 p - 2 scrolls of enchant weapon
 q - a scroll of immolation {unknown}
 r - a scroll of torment
 t - a scroll of poison
 G - a scroll of brand weapon {unknown}
 M - a scroll of butterflies {unknown}
 N - 2 scrolls of blinking
Potions
 c - a potion of invisibility {unknown}
 e - 5 potions of heal wounds
 i - 2 potions of attraction
 j - 6 potions of mutation
 n - a potion of cancellation {unknown}
 s - 2 potions of brilliance {unknown}
 z - 7 potions of curing
 A - 2 potions of resistance {unknown}
 C - 3 potions of might
 H - a potion of berserk rage {unknown}
 K - 2 potions of haste
 U - a potion of lignification {unknown}


   Skills:
 - Level 10.0 Fighting
 + Level 2.5 Polearms
 - Level 5.0 Dodging
 - Level 3.0 Stealth
 - Level 7.8 Shields
 - Level 5.0 Spellcasting
 - Level 10.0 Summonings
 - Level 3.0 Translocations
 - Level 5.0 Air Magic
 - Level 5.0 Invocations
 - Level 2.0 Evocations


You had one spell level left.
You knew the following spells:

 Your Spells              Type           Power      Damage    Failure   Level
a - Summon Small Mammal   Summ           100%       N/A       1%          1
b - Call Imp              Summ           84%        N/A       1%          2
c - Call Canine Familiar  Summ           42%        N/A       1%          3
d - Summon Lightning Spi  Summ/Air       33%        N/A       5%          4
e - Blink                 Tloc           32%        N/A       5%          2
f - Airstrike             Air            11%        2d(2-18)  16%         4
g - Summon Guardian Gole  Hex/Summ       23%        N/A       4%          3

Your spell library contained the following spells:

 Spells                   Type           Power      Damage    Failure   Level
 Shock                    Conj/Air       56%        1d6       4%          1
 Beastly Appendage        Tmut           8%         N/A       12%         1
 Slow                     Hex            16%        N/A       12%         1
 Sting                    Tmut/Pois      16%        1d3       12%         1
 Swiftness                Air            23%        N/A       4%          3
 Lesser Beckoning         Tloc           32%        N/A       5%          2
 Poisonous Vapours        Pois/Air       28%        N/A       7%          2
 Momentum Strike          Conj/Tloc      20%        3d8       10%         2
 Wereblood                Tmut           4%         N/A       19%         2
 Confusing Touch          Hex            4%         N/A       36%         3
 Spider Form              Tmut/Pois      4%         N/A       36%         3
 Vampiric Draining        Necr           4%         2d6       36%         3
 Olgreb's Toxic Radiance  Pois           4%         N/A       77%         4


Dungeon Overview and Level Annotations

Branches:
Dungeon (11/15)            Temple (1/1) D:7            Lair (0/5) D:10
    Orc (0/2) D:9         Gauntlet (1/1)

Altars:
Ashenzari
Cheibriados
Dithmenos
Elyvilon
Fedhas
Gozag
Hepliaklqana
Kikubaaqudgha
Makhleb
Nemelex Xobeh
Okawaru
Qazlal
Ru
Sif Muna
Trog
Uskayaw
Vehumet
Wu Jian
Xom
Yredelemnul
Zin
The Shining One

Shops:
D:8 =![   D:11 [

Annotations:
D:10 3 runed translucent doors, exclusion: orange crystal statue
D:11 1 transporter Gauntlet 13 transporters, 15 runed translucent doors, exclusion: ice statue


Innate Abilities, Weirdness & Mutations

((You are very nimble when in or above water. (Stealth+, EV+, Speed+++)))
Your lower body shifts to a powerful aquatic tail in water.


Message History

Your wolf barely misses the blizzard demon.
Aiming: Airstrike (dangerous; 16% risk of failure)
Press: ? - help, Dir - move target, f/p - blizzard demon
Aim: a blizzard demon (lightly wounded, ally target, empty space bonus: 3/8)
The air twists around and strikes the blizzard demon but does no damage.
Your wolf bites the blizzard demon but does no damage.
The blizzard demon hits your wolf!
The blizzard demon hits your wolf but does no damage.
Your wolf bites the blizzard demon.
Aiming: Airstrike (dangerous; 16% risk of failure)
Press: ? - help, Dir - move target, f/p - blizzard demon
Aim: a blizzard demon (moderately wounded, not watching you, ally target, empty space bonus: 3/8)
The air twists around and strikes the blizzard demon.
The blizzard demon is moderately wounded.
The blizzard demon gestures at you. The bolt of lightning misses your wolf.
The bolt of lightning misses you. x2
Your wolf bites the blizzard demon but does no damage.
Your wolf barely misses the blizzard demon.
The blizzard demon gestures at you. The bolt of lightning hits your wolf!!!
Your wolf dies!
Your wolf's corpse disappears in a puff of smoke!
The bolt of lightning hits you!!
Okay, then.
Press: ? - help, v - describe, . - travel
Here: a blizzard demon (grey smoke, moderately wounded, ally target)
The floor.
Okay, then.
You blink.
The blizzard demon hits you!
* * * LOW HITPOINT WARNING * * *
The blizzard demon hits you.
* * * LOW HITPOINT WARNING * * *
Your hound barely misses the blizzard demon.
An electric hum fills the air.
Your lightning spire disappears in a puff of smoke!
Your hound bites the blizzard demon but does no damage.
The blizzard demon hits you!
* * * LOW HITPOINT WARNING * * *
The blizzard demon hits you!
You die...

#8#..............#.##############
###..............#.#≈§8≈≈#©......
≈....#############.##############
§....#©...........©...........©#§
.################################
.#..wwww...#.#.##.##.###.#u:##G..
.#.w.###..w#.#§##§##.###.#?##.###
.#....#....#.#§2h......#.#=#.# .#
.#.#..#©.#.#.###@##.##.#.#.#.# #.
.#.### ###.#.###8# .##.#.#.#.# #.
.#.#..#..#.#.#.....5...#.#.#.#.#.
.#....#....#.##.##.##5##.#.##.##.
.#...#.#...#.#####.#####.#..###.#
.#..?)©[...#.#..[?©.}..#.#u....##
.###########.###########.########
.................................
≈................................


You could see a blizzard demon (ally target), a friendly lightning spire
(summoned) and a friendly hound (summoned).

Vanquished Creatures
  2 rime drakes (Gauntlet)
  Psyche (D:8)
  2 yaks (D:9)
  A wyvern (D:5)
  2 water moccasins
  An ice beast (D:5)
  2 centaurs (D:8)
  A wolf (Gauntlet)
  2 kobold brigands
  A bullfrog (D:10)
  2 scorpions
  A howler monkey (D:11)
  A hound (D:6)
  An iguana (D:7)
  An orc wizard (D:8)
  A gnoll (D:7)
  An adder (D:5)
  A white imp (D:5)
  A dart slug (D:3)
  An orc (D:5)
  An endoplasm (D:3)
  2 giant cockroaches
  A goblin (D:4)
  A ball python (D:2)
  3 bats
  3 kobolds
  A rat (D:3)
  A spectral kobold (D:1)
39 creatures vanquished.

Vanquished Creatures (collateral kills)
  A boulder beetle (D:11)
  2 two-headed ogres
  A necromancer (Gauntlet)
  A cyclops (D:11)
  Maggie (D:9)
  An unseen horror (D:10)
  A troll (D:11)
  5 dream sheep (D:9)
  2 shadows (D:9)
  7 yaks
  2 steam dragons (D:7)
  2 acid dragons
  3 water moccasins
  4 orc warriors
  An ice beast (D:6)
  5 black bears
  2 ogres (D:6)
  3 wolves (Gauntlet)
  4 centaurs
  A phantom (D:6)
  Blork the orc (D:4)
  A kobold brigand (D:10)
  3 bullfrogs
  A gnoll sergeant (D:7)
  5 scorpions
  9 wights
  4 killer bees (D:7)
  2 howler monkeys
  A hound (D:5)
  A gnoll bouda (D:7)
  2 orc priests
  2 sleepcaps (D:7)
  Terence (D:3)
  5 orc wizards
  9 gnolls
  6 adders
  A shadow imp (D:6)
  2 ufetubi
  2 worms (D:2)
  5 dart slugs
  23 orcs
  8 ball pythons
  3 bats
  4 endoplasms
  3 giant cockroaches
  9 goblins
  8 hobgoblins
  2 jackals (D:1)
  12 kobolds
  3 quokkas
  A frilled lizard (D:1)
  7 rats
195 creatures vanquished.

Vanquished Creatures (others)
  A human (D:7)
  A white imp (Gauntlet)
  13 fungi (D:10)
  17 plants (D:10)
32 creatures vanquished.

Grand Total: 266 creatures vanquished

Notes
Turn   | Place    | Note
-------+----------+-------------------------------------------
     0 | D:1      | themarg the Merfolk Summoner began the quest for the Orb.
     0 | D:1      | Reached XP level 1. HP: 13/13 MP: 3/3
   123 | D:1      | Reached XP level 2. HP: 19/19 MP: 1/5
   126 | D:1      | Learned a level 2 spell: Call Imp
   514 | D:1      | Found a faded altar of an unknown god.
   822 | D:1      | Reached XP level 3. HP: 24/24 MP: 2/6
   826 | D:1      | Learned a level 3 spell: Call Canine Familiar
  1675 | D:2      | Reached skill level 5 in Summonings
  1687 | D:2      | Reached XP level 4. HP: 14/30 MP: 1/7
  2763 | D:3      | Identified the +1 robe "Sigy" {+Blink rC+ Will+ Dex+3}
  2937 | D:3      | Noticed Terence
  2951 | D:3      | Killed Terence
  2952 | D:3      | Reached XP level 5. HP: 35/35 MP: 2/8
  3202 | D:4      | Found a white marble altar of Elyvilon.
  3226 | D:4      | Found a sparkling altar of Nemelex Xobeh.
  3554 | D:4      | Noticed a black bear
  3580 | D:4      | Killed a black bear
  3581 | D:4      | Reached XP level 6. HP: 34/41 MP: 1/9
  3738 | D:4      | Noticed a black bear
  3747 | D:4      | Killed a black bear
  3828 | D:4      | Noticed Blork the orc
  3969 | D:4      | Killed Blork the orc
  3970 | D:4      | Reached XP level 7. HP: 43/46 MP: 4/10
  4496 | D:5      | Entered Level 5 of the Dungeon
  5012 | D:5      | Noticed a wyvern
  5236 | D:5      | Reached XP level 8. HP: 52/52 MP: 6/11
  5273 | D:5      | Killed a wyvern
  5274 | D:5      | Reached skill level 10 in Summonings
  5274 | D:5      | Reached skill level 1 in Air Magic
  6017 | D:6      | Found an opulent altar of Gozag.
  6126 | D:6      | Found a shadowy altar of Dithmenos.
  6150 | D:6      | Reached skill level 1 in Fighting
  6237 | D:6      | Reached XP level 9. HP: 65/65 MP: 6/12
  6398 | D:6      | Reached skill level 5 in Fighting
  6403 | D:6      | Learned a level 4 spell: Summon Lightning Spire
  6501 | D:6      | Found a bloodstained altar of Trog.
  6519 | D:6      | Found a sacrificial altar of Ru.
  6911 | D:7      | Found a staircase to the Ecumenical Temple.
  7186 | Temple   | Entered the Ecumenical Temple
  7240 | Temple   | Became a worshipper of Sif Muna the Loreminder
  7327 | D:7      | Reached skill level 5 in Dodging
  7425 | D:7      | Found an ancient bone altar of Kikubaaqudgha.
  7446 | D:7      | Reached skill level 1 in Invocations
  7449 | D:7      | Reached skill level 1 in Evocations
  7964 | D:7      | Reached skill level 5 in Spellcasting
  7964 | D:7      | Reached XP level 10. HP: 74/74 MP: 12/17
  8133 | D:7      | Found a glowing silver altar of Zin.
  8253 | D:8      | Found Gyol's Distillery.
  8253 | D:8      | Found Axkan's Armour Emporium.
  8263 | D:8      | Reached skill level 5 in Invocations
  8308 | D:8      | Bought a potion of haste for 140 gold pieces
  8308 | D:8      | Bought a potion of might for 56 gold pieces
  8308 | D:8      | Bought a potion of attraction for 42 gold pieces
  8309 | D:8      | Found Hiruot's Jewellery Emporium.
  8692 | D:8      | Noticed Psyche
  8728 | D:8      | Killed Psyche
  8992 | D:8      | Reached * piety under Sif Muna
  9449 | D:8      | Found an iron altar of Okawaru.
  9902 | D:9      | Found a hide-covered altar of Uskayaw.
  9916 | D:9      | Found a staircase to the Orcish Mines.
  9983 | D:9      | Noticed a two-headed ogre
 10004 | D:9      | Killed a two-headed ogre
 10005 | D:9      | Reached skill level 10 in Fighting
 10005 | D:9      | Reached XP level 11. HP: 90/90 MP: 3/18
 10178 | D:9      | Reached ** piety under Sif Muna
 10262 | D:9      | Reached skill level 5 in Shields
 10379 | D:9      | Found the +5 robe of Night {Dark Will+ SInv}
 10429 | D:9      | Noticed Maggie
 10443 | D:9      | Killed Maggie
 10727 | D:10     | Entered Level 10 of the Dungeon
 10828 | D:10     | Found a runed translucent door.
 10843 | D:10     | Found a runed translucent door.
 10856 | D:10     | Found a runed translucent door.
 10914 | D:10     | Found a runed translucent door.
 11082 | D:10     | Reached skill level 1 in Translocations
 11153 | D:10     | Found a burning altar of Makhleb.
 11330 | D:10     | Noticed a balrug
 11508 | D:10     | Found a staircase to the Lair.
 11604 | D:10     | Noticed an orange crystal statue
 11646 | D:10     | Learned a level 2 spell: Blink
 11647 | D:11     | Noticed a boulder beetle
 11663 | D:11     | Killed a boulder beetle
 11815 | D:11     | Found a transporter.
 11898 | D:11     | Noticed a two-headed ogre
 11903 | D:11     | Noticed a cyclops
 11940 | D:11     | Killed a two-headed ogre
 11995 | D:11     | Killed a cyclops
 12000 | D:11     | Found Zusoteit's Armour Emporium.
 12026 | D:11     | Found a gate leading to a gauntlet.
 12035 | Gauntlet | Entered a Gauntlet
 12035 | Gauntlet | Found a transporter.
 12035 | Gauntlet | Found a large runed translucent door.
 12035 | Gauntlet | Found a large runed translucent door.
 12035 | Gauntlet | Found a large runed translucent door.
 12035 | Gauntlet | Found a large runed translucent door.
 12035 | Gauntlet | Found a runed translucent door.
 12035 | Gauntlet | Found a runed translucent door.
 12035 | Gauntlet | Found a large runed translucent door.
 12035 | Gauntlet | Found a large runed translucent door.
 12035 | Gauntlet | Found a large runed translucent door.
 12035 | Gauntlet | Found a large runed translucent door.
 12035 | Gauntlet | Found a large runed translucent door.
 12035 | Gauntlet | Found a large runed translucent door.
 12108 | Gauntlet | Noticed a worldbinder
 12114 | Gauntlet | Found a transporter.
 12122 | Gauntlet | Found a transporter.
 12126 | Gauntlet | Noticed a sixfirhy
 12127 | Gauntlet | Found a transporter.
 12128 | Gauntlet | Noticed a sixfirhy
 12136 | Gauntlet | Noticed a sixfirhy
 12149 | Gauntlet | Found a transporter.
 12157 | Gauntlet | Noticed a moth of wrath
 12161 | Gauntlet | Found a transporter.
 12173 | Gauntlet | Found a transporter.
 12174 | Gauntlet | Noticed a dire elephant
 12182 | Gauntlet | Found a transporter.
 12188 | Gauntlet | Noticed a brown ugly thing
 12197 | Gauntlet | Found a transporter.
 12209 | Gauntlet | Found a transporter.
 12231 | Gauntlet | Found a transporter.
 12243 | Gauntlet | Found a transporter.
 12245 | Gauntlet | Found a transporter.
 12267 | Gauntlet | Found a large runed translucent door.
 12268 | Gauntlet | Found a large runed translucent door.
 12268 | Gauntlet | Found a large runed translucent door.
 12269 | Gauntlet | Found a runed translucent gate.
 12269 | Gauntlet | Noticed a necromancer
 12273 | Gauntlet | Found a transporter.
 12291 | Gauntlet | Found a large runed translucent door.
 12292 | Gauntlet | Found a large runed translucent door.
 12292 | Gauntlet | Found a large runed translucent door.
 12293 | Gauntlet | Found a runed translucent gate.
 12297 | Gauntlet | Found a transporter.
 12414 | Gauntlet | Noticed a great orb of eyes
 12439 | Gauntlet | Noticed a blizzard demon
 12542 | Gauntlet | Found a runed translucent gate.
 12547 | Gauntlet | Found a transporter.
 12563 | Gauntlet | Killed a necromancer
 12668 | Gauntlet | Found a transporter.
 12673 | Gauntlet | Found a transporter.
 12681 | Gauntlet | Learned a level 4 spell: Airstrike
 12796 | Gauntlet | Learned a level 3 spell: Summon Guardian Golem
 12805 | Gauntlet | Reached skill level 5 in Air Magic
 12805 | Gauntlet | Reached skill level 1 in Polearms
 13002 | Gauntlet | Slain by a blizzard demon

Illustrated notes

Levels and vault maps discovered:
D:1:      saegor_arrival_simple_c, layout_loops_ring,
          dreamdust_ecumenical_altar_drowned_temple, minmay_tetromino_s2
D:2:      layout_rooms
D:3:      layout_basic, st_stairs_5, uniq_terence
D:4:      layout_layer_cave, mainiacjoe_overflow_large_starburst,
          uniq_blork_the_orc
D:5:      layout_loops_cross
D:6:      layout_rooms, nicolae_overflow_hidden_temple,
          nicolae_ru_great_annihilating_truth, lemuel_tele_altar,
          nicolae_gozag_cash_rules_everything_around_me
D:7:      layout_loops_ring, zin_treasury, tgw_kikubaaqudgha,
          minmay_temple_entry_hall
D:8:      layout_loops_ring, okawaru_altar_gauntlet_db, serial_shops, shop,
          shop, shop, grunt_ministairs_3, minmay_misc_feat_more_columns,
          st_stairs_9, kennysheep_small_square, uniq_psyche
D:9:      layout_cave_pools, overflow_temple_1_default, orc_0_dummy,
          hellmonk_guarded_unrand_night, uniq_maggie
D:10:     layout_long_grid, makhleb_altar_promises_db,
          grunt_lair_entry_orc_guard_hut, minmay_statue_crystal_thing
D:11:     layout_roguey, gauntlet_entry_generic, serial_shops,
          nicolae_shop_behind_doors, gammafunk_ghost_stat_death,
          chequers_serial_rivers_micro_e
Temple:   hellmonk_temple_of_storms
Gauntlet: gammafunk_gauntlet_one_two_three
          [minmay_gauntlet_arena_make_your_own_arena,
          nicolae_gauntlet_arena_blocks, nicolae_gauntlet_arena_quarters,
          nicolae_gauntlet_arena_t_cross, gammafunk_gauntlet_arena_crates,
          gammafunk_gauntlet_arena_spirals, gammafunk_gauntlet_arena_corners,
          gammafunk_gauntlet_arena_teeth, gammafunk_gauntlet_arena_chambers,
          gauntlet_exit_green]

Skill      XL: |  1  2  3  4  5  6  7  8  9 10 11 |
---------------+----------------------------------+-----
Stealth        | 3 |  3.0
Summonings     | 5 7 9 10 | 10.0
Air Magic      | 4 5 |  5.0
Fighting       | 3 5 10 | 10.0
Dodging        | 5 |  5.0
Spellcasting   | 5 |  5.0
Invocations    | 3 5 |  5.0
Evocations     | 2 |  2.0
Shields        | 3 7 |  7.8
Translocations | 3 |  3.0
Polearms       | 2 |  2.5

Action                     |  1- 3 |  4- 6 |  7- 9 | 10-12 || total
---------------------------+-------+-------+-------+-------++-------
  Melee: Unarmed           |     2 |       |       |       ||     2
         Spear             |    14 |    77 |    95 |   134 ||   320
         Dagger            |     3 |       |       |       ||     3
         Punch             |       |       |     3 |     1 ||     4
         Trident           |       |       |     6 |       ||     6
  Throw: Dart              |       |       |       |     8 ||     8
         Stone             |       |       |       |     1 ||     1
   Cast: Summon Small Mamm |    43 |    29 |     2 |       ||    74
         Call Imp          |    15 |    10 |     9 |     1 ||    35
         Call Canine Famil |     1 |    12 |    44 |    51 ||   108
         Summon Lightning  |       |       |    18 |    46 ||    64
         Airstrike         |       |       |       |     4 ||     4
         Blink             |       |       |       |     2 ||     2
  Evoke: Wand              |       |     4 |     4 |     8 ||    16
    Use: Scroll            |       |     3 |     5 |     5 ||    13
         Potion            |       |       |       |     1 ||     1
   Stab: Distracted        |       |     2 |     6 |     4 ||    12
 Armour: Robe              |     3 |     8 |     5 |    15 ||    31
  Dodge: Dodged            |    12 |    44 |    46 |   103 ||   205
  Block: Other             |       |       |    18 |     3 ||    21
         Reflection        |       |       |     2 |     3 ||     5

Table legend: (Time is in decaauts)
 A = Elapsed time spent in this place.
 B = Non-inter-level travel time spent in this place.
 C = Inter-level travel time spent in this place.
 D = Time resting spent in this place.
 E = Time spent auto-exploring this place.
 F = Levels seen in this place.
 G = Mean time per level.
                   A        B        C        D        E       F      G
               +--------+--------+--------+--------+--------+-----+--------+
         Total |  13011 |  12636 |    375 |    902 |   9277 |  13 | 1000.8 |
       Dungeon |  11980 |  11605 |    375 |    513 |   8879 |  11 | 1089.1 |
        Temple |     63 |     63 |      0 |      0 |     41 |   1 |   63.0 |
      Gauntlet |    967 |    967 |      0 |    389 |    357 |   1 |  967.0 |
               +--------+--------+--------+--------+--------+-----+--------+

Top non-repeatable levels by time:
     D:7: 1536 daAuts
     D:8: 1439 daAuts
     D:1: 1373 daAuts
     D:5: 1333 daAuts
     D:4: 1331 daAuts
     D:3: 1134 daAuts
     D:9: 1026 daAuts
Gauntlet: 967 daAuts
    D:10: 921 daAuts
     D:2: 755 daAuts
     D:6: 740 daAuts
    D:11: 387 daAuts
  Temple: 63 daAuts
